 Dungeon Crawl Stone Soup version 0.27-a0-67-g4bfc8a49e1 (webtiles) character file.

Game seed: 16163075409196601079

141 Borgoz the Ruffian (level 5, -3/45 HPs)
             Began as a Ghoul Gladiator on Jan 9, 2021.
             Slain by emiel's ghost (15 damage)
             ... on level 3 of the Dungeon.
             The game lasted 00:03:17 (2557 turns).

Borgoz the Ruffian (Ghoul Gladiator)                Turns: 2557, Time: 00:03:17

Health: -3/45      AC:  5    Str: 18    XL:     5   Next: 24%
Magic:  4/4        EV: 12    Int:  4    God:
Gold:   125        SH:  0    Dex: 10    Spells: 4/4 levels left

rFire    . . .     SeeInvis .     - Unarmed
rCold    + + .     Faith    .   (no shield)
rNeg     + + +     Spirit   .   e - +0 leather armour {rC+}
rPois    ∞         Reflect  .   b - +0 helmet
rElec    .         Harm     .   l - +0 cloak
rCorr    .         Rampage  .   (no gloves)
Will     .....                  (no boots)
Stlth    +.........             (no amulet)
HPRegen  0.00/turn              (no ring)
MPRegen  0.09/turn              (no ring)

@: mighty
A: claws 1, cold resistance 1, negative energy resistance 3, inhibited
regeneration, torment resistance, unbreathing
a: no special abilities


You were on level 3 of the Dungeon.
You visited 1 branch of the dungeon, and saw 3 of its levels.

You collected 125 gold pieces.

Inventory:

Missiles
 c - 2 throwing nets (quivered)
Armour
 b - a +0 helmet (worn)
 e - a +0 leather armour of cold resistance (worn)
 l - a +0 cloak (worn)
Scrolls
 d - a scroll of remove curse
 h - 2 scrolls of teleportation {unknown}
 m - a scroll of enchant armour
 n - a scroll of enchant weapon {unknown}
Potions
 a - a potion of haste
 f - a potion of magic
 g - a potion of flight {unknown}
 j - a potion of brilliance
 k - a potion of invisibility


   Skills:
 + Level 3.4 Fighting
 - Level 1.7 Throwing
 + Level 1.9 Armour
 + Level 3.4 Dodging
 + Level 4.2 Unarmed Combat


You had 4 spell levels left.
You didn't know any spells.
Your spell library was empty.

Dungeon Overview and Level Annotations

Branches:
Dungeon (3/15)

Altars:

Annotations:
D:3 emiel's ghost, amateur TrDe


Innate Abilities, Weirdness & Mutations

You thrive by killing the living.
You are immune to poison.
You have sharp fingernails.
Your flesh is cold resistant. (rC+)
You are immune to negative energy. (rN+++)
You do not regenerate when monsters are visible.
You are immune to unholy pain and torment.
You can survive without breathing.


Message History

You barely miss emiel's ghost.
Emiel's ghost is lightly damaged.
Emiel's ghost hits you.
You claw emiel's ghost!
Emiel's ghost is moderately damaged.
You scratch emiel's ghost but do no damage.
Emiel's ghost is moderately damaged.
Emiel's ghost hits you!
You claw emiel's ghost!
Emiel's ghost is moderately damaged.
Emiel's ghost closely misses you.
You claw emiel's ghost!
Emiel's ghost is heavily damaged.
Emiel's ghost whispers, "Death doesn't hurt.
What you feel is life." Emiel's ghost hits you.
* * * LOW HITPOINT WARNING * * *
You scratch emiel's ghost.
Emiel's ghost is severely damaged.
Emiel's ghost hits you!
You die...

.#.#.......................#
.#.####.######.....##......#
##.# #.# #.....##......# #.#
#.. #.....# ......# #.. ...#
#...### ###.... ### #..#
#...# .... ...# #...# ...
#...## #..@.# ###W##


#wwr# #≈r≈# #≈≈≈# #≈≈≈# #≈(≈# #≈≈≈# You could see 2 worms, emiel's ghost, a
river rat and a rat.

Vanquished Creatures
  An orc wizard (D:3)
  2 adders (D:2)
  A gnoll (D:1)
  2 oozes
  3 worms (D:2)
  2 dart slugs
  2 leopard geckos
  5 orcs (D:3)
  2 ball pythons
  2 giant cockroaches (D:1)
  5 goblins
  8 hobgoblins
  4 jackals (D:3)
  7 kobolds
  8 bats
  5 rats
59 creatures vanquished.

Notes
Turn   | Place    | Note
-------+----------+-------------------------------------------
     0 | D:1      | Borgoz the Ghoul Gladiator began the quest for the Orb.
     0 | D:1      | Reached XP level 1. HP: 17/17 MP: 0/0
    50 | D:1      | Reached XP level 2. HP: 24/25 MP: 1/1
   297 | D:1      | Reached XP level 3. HP: 30/30 MP: 2/2
   517 | D:1      | Reached skill level 1 in Armour
  1218 | D:2      | Reached XP level 4. HP: 5/38 MP: 3/3
  1634 | D:2      | Found a faded altar of an unknown god.
  2019 | D:2      | Reached skill level 4 in Unarmed Combat
  2310 | D:3      | Reached XP level 5. HP: 42/45 MP: 4/4
  2535 | D:3      | Found a runed translucent door.
  2539 | D:3      | Noticed emiel's ghost (amateur TrDe)
  2557 | D:3      | Slain by emiel's ghost

Illustrated notes

Levels and vault maps discovered:
D:1:      dpeg_arrival_shrine, layout_basic, minmay_hexomino_u4
D:2:      layout_loops_ring, chequers_ecumenical_altar_lobes, minmay_circled_x
D:3:      layout_basic, ebering_ghost_sewer_f

Skill      XL: |  1  2  3  4 |
---------------+-------------+-----
Dodging        | 3 |  3.4
Armour         | 1 |  1.9
Fighting       | 3 |  3.4
Unarmed Combat | 4 |  4.2
Throwing       | |  1.7

Action                   |  1- 3 |  4- 6 || total
-------------------------+-------+-------++-------
Melee: Unarmed           |   118 |   111 ||   229
       Punch             |     2 |     5 ||     7
Throw: Throwing net      |     1 |       ||     1
  Use: Scroll            |     3 |     6 ||     9
       Potion            |       |     1 ||     1
 Stab: Held in net/web   |     1 |       ||     1
Armor: Leather armour    |    39 |    31 ||    70
Dodge: Dodged            |    90 |    49 ||   139

Table legend: (Time is in decaauts)
 A = Elapsed time spent in this place.
 B = Non-inter-level travel time spent in this place.
 C = Inter-level travel time spent in this place.
 D = Time resting spent in this place.
 E = Time spent auto-exploring this place.
 F = Levels seen in this place.
 G = Mean time per level.
                   A        B        C        D        E       F      G
               +--------+--------+--------+--------+--------+-----+--------+
         Total |   2539 |   2488 |     51 |    550 |   1478 |   3 |  846.3 |
       Dungeon |   2539 |   2488 |     51 |    550 |   1478 |   3 |  846.3 |
               +--------+--------+--------+--------+--------+-----+--------+

Top non-repeatable levels by time:
     D:1: 1175 daAuts
     D:2: 1109 daAuts
     D:3: 253 daAuts
